AoeStats
← Chiripa605

Fortress

509694511Analyzed
4v4 RM · 3d ago on Sep 27, 2026· 57m 21s· 8 players
Game mode
Random Map
Map size
Huge
Population
200
Speed
Normal
Resources
Standard
Victory
Conquest
Starting age
Dark Age
Ending age
Imperial Age
RankedLock teamsTeams togetherTeam positionsShared explorationLock speedFull tech treeHidden civsTurbo modeCheats
Victory
Defeat
🇺🇸 Malay · United States
1485
+13
🇪🇸 Burgundians · Spain
1471
+13
🇲🇩 Khmer · Moldova
1467
+13
🇨🇦 Teutons · Canada
1441
+14
🇹🇷 Japanese · Türkiye
1430
-14
🇪🇸 Danes · Spain
1426
-13
🇹🇷 Maya · Türkiye
1395
-13
🇹🇷 Hindustanis · Türkiye
1389
-13
Don Roscon
7:18 Feudal Age
11:14 Castle Age
10:21 Double-Bit Axe
10:18 Horse Collar
10:47 Arson
12:21 Scale Barding Armor
13:08 Loom
16:04 Squires
16:11 Scale Mail Armor
18:46 Chain Mail Armor
20:12 Heavy Plow
20:57 Wheelbarrow
20:16 Town Watch
20:45 Forging
23:15 Bow Saw
30:40 Imperial Age
28:26 Hand Cart
28:14 Pikeman
28:56 Squires
29:40 Gold Mining
30:48 Gambesons
31:44 Iron Casting
31:28 Halberdier
klostrofobikköstebek
7:09 Feudal Age
10:41 Castle Age
9:25 Double-Bit Axe
10:12 Horse Collar
12:52 Wheelbarrow
13:26 Heavy Plow
16:18 Loom
19:21 Hand Cart
24:45 Imperial Age
23:33 Bow Saw
23:14 Gold Mining
23:15 Stone Mining
23:38 Scale Barding Armor
24:18 Bloodlines
24:32 Forging
24:24 Husbandry
25:14 Gold Shaft Mining
25:15 Stone Shaft Mining
26:38 Chemistry
26:00 Chain Barding Armor
26:16 Iron Casting
27:24 Plate Barding Armor
26:10 Heavy Camel Rider
27:57 Imperial Camel Rider
29:58 Blast Furnace
29:04 Caravan
32:37 Grand Trunk Road
32:40 Shatagni
33:11 Padded Archer Armor
33:01 Fletching
34:26 Leather Archer Armor
34:40 Bodkin Arrow
36:38 Ring Archer Armor
36:09 Bracer
36:52 Light Cavalry
38:04 Hussar
46:30 Fortified Wall
47:53 Scale Mail Armor
49:12 Murder Holes
49:38 Ballistics
49:24 Siege Engineers
57:13 Thumb Ring
Tameryig1t
7:34 Feudal Age
11:28 Castle Age
9:38 Double-Bit Axe
9:51 Horse Collar
10:26 Loom
12:51 Bow Saw
12:43 Heavy Plow
13:43 Wheelbarrow
18:30 Hand Cart
22:02 Gold Mining
23:07 Stone Mining
26:49 Imperial Age
24:47 Forging
24:37 Scale Mail Armor
24:37 Padded Archer Armor
25:24 Stone Shaft Mining
25:02 Fletching
25:23 Eagle Warrior
26:04 Squires
25:50 Arson
27:03 Ballistics
26:53 Fortified Wall
26:39 Murder Holes
27:40 Elite Eagle Warrior
30:06 Chemistry
28:48 Treadmill Crane
30:14 Two-Man Saw
30:32 Conscription
30:14 Hul'che Javelineers
31:17 Caravan
31:47 Coinage
31:28 Guilds
32:20 Crop Rotation
33:08 Banking
32:02 Pikeman
33:08 Chain Mail Armor
34:08 Iron Casting
33:02 Halberdier
35:19 Holcans
36:32 Blast Furnace
36:21 Plate Mail Armor
35:57 Elite Plumed Archer
36:39 Bodkin Arrow
39:07 Thumb Ring
46:36 Masonry
46:17 Heated Shot
48:59 Bracer
49:15 Leather Archer Armor
54:13 Ring Archer Armor
GPA_PisagorAmca
8:10 Feudal Age
9:39 Double-Bit Axe
12:06 Castle Age
10:21 Horse Collar
11:40 Scale Mail Armor
17:03 Loom
18:49 Squires
22:43 Bow Saw
27:37 Wheelbarrow
27:55 Heavy Plow
28:56 Chain Mail Armor
28:45 Arson
28:45 Gambesons
28:42 Pikeman
33:11 Imperial Age
31:08 Forging
32:31 Iron Casting
32:45 Ballistics
32:23 Gold Mining
32:48 Thumb Ring
33:18 Fletching
33:28 Padded Archer Armor
35:57 Plate Mail Armor
37:20 Halberdier
38:52 Bodkin Arrow
39:35 Bracer
39:51 Leather Archer Armor
39:14 Elite Skirmisher
41:33 Chemistry
42:04 Blast Furnace
45:38 Ring Archer Armor
JesusVII
2:08 Double-Bit Axe
3:22 Horse Collar
7:17 Feudal Age
11:05 Castle Age
10:25 Heavy Plow
11:21 Bow Saw
19:02 Loom
21:18 Wheelbarrow
21:08 Gold Mining
25:28 Imperial Age
23:17 Husbandry
23:17 Cavalier
24:04 Scale Barding Armor
23:59 Scale Mail Armor
24:33 Forging
25:32 Chain Barding Armor
25:21 Fletching
26:26 Gold Shaft Mining
26:50 Iron Casting
26:58 Crop Rotation
27:42 Plate Barding Armor
27:42 Town Watch
28:14 Hand Cart
28:18 Treadmill Crane
28:26 Arrowslits
28:42 Pikeman
29:23 Squires
29:25 Scale Mail Armor
30:25 Blast Furnace
30:01 Arson
30:09 Halberdier
31:06 Chain Mail Armor
31:46 Conscription
32:11 Burgundian Vineyards
33:59 Chemistry
33:24 Ballistics
33:06 Padded Archer Armor
32:56 Fletching
35:07 Leather Archer Armor
34:48 Bodkin Arrow
34:45 Elite Skirmisher
36:48 Two-Man Saw
37:26 Crop Rotation
37:11 Bracer
38:27 Plate Mail Armor
43:35 Capped Ram
48:03 Light Cavalry
50:06 Masonry
50:02 Hussar
54:35 Paladin
56:12 Town Patrol
Mony
7:54 Feudal Age
11:03 Castle Age
9:08 Double-Bit Axe
9:27 Horse Collar
11:10 Fletching
11:29 Loom
14:51 Bodkin Arrow
23:02 Bow Saw
23:32 Wheelbarrow
29:48 Imperial Age
28:14 Hand Cart
30:13 Heavy Cavalry Archer
31:40 Ballistics
31:28 Bracer
34:20 Padded Archer Armor
35:25 Chemistry
33:56 Elite Skirmisher
35:17 Town Watch
37:05 Leather Archer Armor
38:15 Parthian Tactics
38:15 Parthian Tactics
38:52 Bloodlines
38:43 Husbandry
38:44 Gold Mining
41:52 Onager
41:52 Capped Ram
42:47 Siege Ram
49:09 Ring Archer Armor
50:18 Light Cavalry
52:05 Scale Barding Armor
53:16 Chain Barding Armor
55:16 Hussar
57:31 Plate Barding Armor
Chiripa605
8:36 Feudal Age
12:07 Castle Age
10:31 Double-Bit Axe
11:01 Horse Collar
11:55 Bow Saw
14:23 Loom
16:24 Heavy Plow
19:40 Wheelbarrow
20:15 Squires
21:15 Fletching
21:49 Gold Mining
24:27 Gold Shaft Mining
28:03 Imperial Age
26:24 Hand Cart
27:15 Scale Barding Armor
27:21 Forging
27:52 Husbandry
29:04 Chemistry
29:22 Crop Rotation
28:57 Elite Battle Elephant
31:09 Iron Casting
32:50 Blast Furnace
32:12 Conscription
35:46 Forced Levy
35:12 Man-at-Arms
35:37 Arson
35:56 Long Swordsman
36:39 Two-Handed Swordsman
37:25 Capped Ram
39:43 Town Watch
44:31 Siege Engineers
44:27 Pikeman
45:12 Town Patrol
45:23 Treadmill Crane
45:41 Bodkin Arrow
46:47 Halberdier
49:05 Caravan
50:34 Ballistics
50:25 Guard Tower
50:31 Murder Holes
50:39 Bracer
50:31 Light Cavalry
52:26 Keep
55:24 Coinage
hdelaney
9:35 Feudal Age
10:22 Double-Bit Axe
10:20 Horse Collar
11:04 Stone Mining
13:29 Castle Age
11:30 Town Watch
11:31 Loom
13:25 Wheelbarrow
18:45 Fletching
19:38 Bow Saw
25:45 Imperial Age
24:01 Scale Mail Armor
26:22 Chain Mail Armor
26:17 Forging
26:25 Gold Mining
26:09 Pikeman
27:07 Squires
26:52 Arson
27:35 Conscription
27:51 Hand Cart
27:27 Halberdier
28:38 Heavy Plow
30:04 Two-Man Saw
29:08 Onager
30:12 Ballistics
31:06 Iron Casting
30:28 Bodkin Arrow
33:19 Blast Furnace
33:45 Stone Shaft Mining
34:09 Plate Mail Armor
34:12 Crop Rotation
34:50 Chemistry
35:25 Elite Teutonic Knight
38:12 Ironclad
43:42 Siege Engineers
43:49 Masonry
43:38 Arson
49:21 Guilds
49:41 Coinage
49:12 Caravan
Connection lost

Rejoining the realm…

Still unreachable

The connection could not be restored.

Session expired

The server has moved on; the page needs a fresh start.